AoeStats
← Sprucoid

Fortress

508633370Analyzed
2v2 RM · 10d ago on Sep 23, 2026· 97m 7s· 4 players
Game mode
Random Map
Map size
Normal (6 player)
Population
200
Speed
Normal
Resources
Standard
Victory
Conquest
Starting age
Dark Age
Ending age
Imperial Age
RankedLock teamsTeams togetherTeam positionsShared explorationLock speedFull tech treeHidden civsTurbo modeCheats
Victory
Defeat
🇫🇷 Bulgarians · France
698
+18
🇹🇷 Ethiopians · Türkiye
628
+21
🇦🇺 Bulgarians · Australia
770
-20
🇦🇺 Britons · Australia
724
-19
Jojo l'Escargot
1:09 Loom
8:14 Feudal Age
8:42 Horse Collar
14:02 Double-Bit Axe
15:26 Gold Mining
16:01 Stone Mining
18:14 Castle Age
17:48 Bloodlines
17:53 Forging
17:44 Scale Mail Armor
17:49 Scale Barding Armor
17:45 Padded Archer Armor
17:35 Fletching
19:25 Heavy Plow
20:45 Fervor
22:31 Bow Saw
23:02 Iron Casting
22:48 Chain Barding Armor
22:44 Leather Archer Armor
22:24 Bodkin Arrow
23:38 Gold Shaft Mining
23:43 Stone Shaft Mining
24:47 Ballistics
25:01 Chain Mail Armor
24:54 Thumb Ring
24:58 Husbandry
26:02 Murder Holes
30:07 Guard Tower
30:29 Masonry
36:53 Stirrups
41:06 Imperial Age
39:16 Wheelbarrow
38:31 Town Watch
42:59 Chemistry
43:02 Blast Furnace
42:39 Plate Barding Armor
42:34 Plate Mail Armor
42:05 Bracer
42:30 Conscription
41:32 Elite Konnik
44:07 Architecture
45:26 Hand Cart
52:30 Keep
59:38 Caravan
63:43 Pikeman
64:23 Squires
66:07 Gambesons
70:29 Bagains
72:06 Halberdier
76:16 Siege Engineers
77:53 Cavalier
86:56 Elite Skirmisher
90:15 Parthian Tactics
94:53 Spies/Treason
serkanserpinli
8:21 Feudal Age
10:12 Wheelbarrow
15:56 Castle Age
15:15 Stone Mining
15:18 Gold Mining
17:00 Horse Collar
17:09 Double-Bit Axe
17:57 Hand Cart
18:25 Gold Shaft Mining
18:29 Stone Shaft Mining
19:19 Bow Saw
25:49 Imperial Age
26:24 Padded Archer Armor
26:14 Fletching
28:06 Two-Man Saw
27:42 Thumb Ring
27:33 Crossbowman
28:39 Conscription
32:38 Leather Archer Armor
32:18 Bodkin Arrow
31:49 Arbalester
34:34 Chemistry
33:57 Heavy Plow
34:36 Ballistics
35:43 Ring Archer Armor
35:13 Bracer
36:05 Squires
35:52 Arson
37:59 Halberdier
49:12 Torsion Engines
Vezorek
2:52 Loom
8:29 Feudal Age
10:03 Feudal Age
11:45 Wheelbarrow
10:57 Double-Bit Axe
11:05 Horse Collar
11:41 Gold Mining
12:25 Arson
15:46 Scale Mail Armor
16:24 Forging
23:28 Castle Age
24:26 Hand Cart
26:43 Imperial Age
24:16 Heavy Plow
24:30 Bow Saw
25:06 Gold Shaft Mining
26:46 Iron Casting
26:27 Chain Mail Armor
26:02 Gambesons
26:18 Squires
28:17 Bagains
28:39 Conscription
30:11 Plate Mail Armor
31:02 Blast Furnace
46:30 Crop Rotation
52:31 Pikeman
59:20 Bloodlines
59:13 Husbandry
58:35 Light Cavalry
60:24 Scale Barding Armor
Sprucoid
7:35 Feudal Age
7:55 Loom
8:09 Double-Bit Axe
8:07 Horse Collar
11:16 Gold Mining
14:02 Wheelbarrow
13:15 Town Watch
13:17 Loom
21:12 Castle Age
19:31 Forging
21:25 Fletching
21:36 Padded Archer Armor
22:35 Bow Saw
23:04 Gold Shaft Mining
26:22 Heavy Plow
27:54 Pikeman
28:34 Squires
28:23 Gambesons
29:16 Iron Casting
28:42 Scale Mail Armor
28:38 Bodkin Arrow
28:59 Leather Archer Armor
29:01 Murder Holes
29:18 Masonry
28:48 Treadmill Crane
30:10 Arson
30:42 Chain Mail Armor
30:52 Hand Cart
37:03 Imperial Age
38:02 Elite Skirmisher
40:49 Chemistry
40:59 Elite Longbowman
42:01 Conscription
42:05 Yeomen
46:23 Bracer
46:53 Ring Archer Armor
48:17 Conscription
51:26 Conscription
53:45 Two-Man Saw
54:37 Stone Mining
63:39 Capped Ram
84:59 Ballistics
Connection lost

Rejoining the realm…

Still unreachable

The connection could not be restored.

Session expired

The server has moved on; the page needs a fresh start.